 Dungeon Crawl Stone Soup version 0.15-a0-1253-g15b4f57 (webtiles) character file.

44 Psiweapon the Skirmisher (level 3, 0/24 HPs)
             Began as a Gargoyle Monk on June 4, 2014.
             Slain by a slave (3 damage)
             ... led by Pikel
             ... on Level 4 of the Dungeon.
             The game lasted 00:06:11 (1844 turns).

Psiweapon the Skirmisher (Gargoyle Monk)            Turns: 1844, Time: 00:06:11

HP   0/24        AC  7     Str 14      XL: 3   Next: 62%
MP   3/3         EV 12     Int 10      God:
Gold 165         SH  0     Dex 13      Spells:  0 memorised,  2 levels left

rFire  . . .     SeeInvis .     d - -2,+0 dagger (curse)
rCold  . . .     Clarity  .     a - +0 robe
rNeg   + . .     rCorr    .     (no shield)
rPois  +         rRot     +     (no helmet)
rElec  +         Spirit   .     i - +0 cloak
SustAb .         Warding  .     (no gloves)
rMut   .         Stasis   .     k - +0 pair of boots
Gourm  .                        (no amulet)
MR     .....                    (no ring)
                                (no ring)

@: not resistant to hostile enchantments, unstealthy
A: life protection 1, electricity resistance, unbreathing, petrification
resistance, rot immunity, AC +3
a: no special abilities


You were on level 4 of the Dungeon.
You were not hungry.

You visited 1 branch of the dungeon, and saw 4 of its levels.

You collected 165 gold pieces.

Inventory:

Hand weapons
 d - a cursed -2,+0 dagger (weapon)
 e - a cursed -2,-1 dagger
 l - a cursed -2,-3 broad axe
Missiles
 h - 8 poisoned needles
 m - 6 tomahawks (quivered)
Armour
 a - a +0 robe (worn)
 i - a +0 cloak (worn)
 k - a +0 pair of boots (worn)
Comestibles
 b - 3 bread rations
 s - a beef jerky
Scrolls
 g - a scroll of noise
 n - a scroll of magic mapping
 p - a scroll of amnesia
Potions
 c - a potion of curing
 f - a potion of heal wounds {unknown}
 j - a potion of brilliance {unknown}
 o - 2 potions of berserk rage {unknown}
 q - a potion of agility {unknown}


   Skills:
 + Level 4.2 Fighting
 - Level 2.4 Dodging
 - Level 3.0 Stealth
 + Level 4.2 Unarmed Combat


You had 2 spell levels left.
You didn't know any spells.

Dungeon Overview and Level Annotations

Branches:
Dungeon (4/15)
 Temple: D:4-7

Altars:
Elyvilon

Annotations:
D:4 Pikel


Innate Abilities, Weirdness & Mutations

You are resistant to torment.
You are immune to poison.
Your stone body is very resilient (AC +3).
You resist negative energy.
You are resistant to electric shocks.
You can survive without breathing.
You are immune to petrification.
You are immune to rotting.


Message History

The slave shouts!
The slave hits you but does no damage. x2
The slave closely misses you. The slave hits you. The slave barely misses you.
Found a helmet.
You barely miss Pikel. The slave completely misses you.
You closely miss Pikel. Pikel barely misses you.
The slave hits you but does no damage. The slave barely misses you.
The goblin closely misses you. The slave hits you.
You barely miss Pikel. Pikel hits you with a runed whip. Pikel burns you.
The slave hits you.
* * * LOW HITPOINT WARNING * * *
The slave barely misses you. The slave hits you.
* * * LOW HITPOINT WARNING * * *
You hit Pikel. Your punch misses Pikel.
Pikel is lightly wounded.
Pikel hits you but does no damage. The slave barely misses you.
The goblin barely misses you. The slave hits you but does no damage.
The slave hits you.
You die...

###########
##..........
##...........
##.............
##....p@p....(..
##%....pgK.......
##.......p......[
##..%..>..........
##..###............
##..## ##..........
##...# #.........
##....## #........
##......###......


You could see Pikel, 4 slaves and a goblin.

Vanquished Creatures
  A giant mite (D:4)
  A giant gecko (D:1)
  9 bats
  3 goblins
  7 hobgoblins
  A jackal (D:2)
  4 giant cockroaches
  3 giant newts
  2 kobolds (D:1)
  3 rats
34 creatures vanquished.

Vanquished Creatures (others)
  A giant cockroach (D:2)
1 creature vanquished.

Grand Total: 35 creatures vanquished

Notes
Turn   | Place    | Note
--------------------------------------------------------------
     0 | D:1      | Psiweapon, the Gargoyle Monk, began the quest for the Orb.
     0 | D:1      | Reached XP level 1. HP: 14/14 MP: 1/1
   116 | D:1      | Reached XP level 2. HP: 4/20 MP: 2/2
   987 | D:2      | Found a white marble altar of Elyvilon.
  1147 | D:2      | Reached XP level 3. HP: 21/24 MP: 3/3
  1832 | D:4      | Noticed a slave
  1834 | D:4      | Noticed a slave
  1835 | D:4      | Noticed a slave
  1835 | D:4      | Noticed a slave
  1836 | D:4      | Noticed Pikel
  1844 | D:4      | Slain by a slave

Action                   || total
-------------------------++-------
Melee: Dagger            ||   145
       Unarmed           ||     4
  Use: Scroll            ||     7
 Stab: Sleeping          ||     5
